Unix NetHack Version 5.0.0-0 post-release - last build Jul 14 2026 02:55:29 (1809b74e8187c3a3585e283601c3028b46cbbdcb,branch:main).

Game began 2026-07-17 14:01:47, ended 2026-07-17 14:15:16.

CheBegorr4h, neutral male human Tourist

                                    ----------
                                  ##|.......<|
                                  ##.........|
                                   #|........|
                                   #----------
                                   ##@

CheBegorr4h the Sightseer   St:12 Dx:12 Co:16 In:12 Wi:8 Ch:16  Neutral
Dlvl:8  $:83 HP:47(47) Pw:20(20) AC:-5 Xp:5 T:1662  Hallu

Latest messages:
 You begin praying to The Lady.
 You are surrounded by a shimmering light.
 You finish your prayer.
 You feel that The Lady is ticklish.
 Your stomach feels content.
 You can hear again.
 You descend the stairs.
 The brown pudding wields a runed bow!
 In what direction? l
 The dart hits the rothe!
 The unicorn pegasus kitten wields a runed short sword!
 In what direction? l
 The dart hits the giant slug!
 In what direction? l
 The dart misses the black dragon.
 The Vorlon thrusts their runed short sword.
 The water melon just misses!
 In what direction? l
 You kill the pyrolisk!
 a - 2 +2 darts (at the ready) (34 in total).
 There are several more objects here.
 a - a +2 dart (at the ready) (35 in total).
 You hear a jackal howling at the moon.
 $ - 21 gold pieces (83 in total).
 You descend the stairs.
 In what direction? h
 The dart hits the gray dragon.
 In what direction? h
 The dart misses the one-winged dewinged stab-bat.
 You hit the black naga!
 The yeti misses!
 The ghoul bites!
 In what direction? b
 The dart hits the stray tab.
 The gooier ooze misses!
 The attorney bites!
 In what direction? b
 The dart misses the baby gold dragon.
 The ogre misses!
 Gloorx Vloq bites!
 In what direction? b
 The dart misses the hill orc.
 The chickatrice misses!
 In what direction? b
 You kill the giant beetle!
 a - 3 +2 darts (at the ready) (32 in total).
 a - a +2 dart (at the ready) (33 in total).
 You hear a B note squeak in the distance.
 Really quit without saving? [yn] (n) y
 Do you want your possessions identified? [ynq] (y) q

Inventory:
 Coins    ('$')
  $ - 83 gold pieces
 Weapons  (')')
  a - 33 +2 darts (at the ready)
  q - 9 +0 shuriken
  y - a +0 long sword (weapon in right hand)
 Armor    ('[')
  o - an uncursed +0 orcish helm (being worn)
  x - an uncursed +0 pair of low boots
  I - an uncursed +0 pair of water walking boots (being worn)
  u - an uncursed +0 dwarvish roundshield (being worn)
  E - an uncursed +5 alchemy smock with text "Don't make me poison you" (being worn)
  l - an uncursed +0 Hawaiian shirt with a bird of paradise motif
  t - an uncursed +0 elven mithril-coat (being worn)
 Comestibles  ('%')
  J - an uncursed cave spider corpse
 Scrolls  ('?')
  C - a cursed scroll of destroy armor
  D - a cursed scroll of identify
  k - 4 uncursed scrolls of magic mapping
 Rings    ('=')
  K - an uncursed ring of see invisible
  F - a cursed ring of teleportation
 Wands    ('/')
  r - a wand of speed monster (0:5)
 Tools    ('(')
  n - an uncursed credit card
  m - an expensive camera (0:85)
  G - an uncursed tin opener

CheBegorr4h the Tourist's attributes:

Background:
 You were a Sightseer, a level 5 male human Tourist.
 You were neutral, on a mission for The Lady
 who was opposed by Blind Io (lawful) and Offler (chaotic).
 You were right-handed.
 You were in the Dungeons of Doom, on level 8.
 You entered the dungeon 1662 turns ago.
 There was a new moon in effect when your adventure ended.
 You had 224 experience points, 96 more were needed to attain level 6.

Basics:
 You had all 47 hit points.
 You had all 20 energy points (spell power).
 Your armor class was -5.
 Your wallet contained 83 Altarian Dollars.
 Autopickup was on for '$!/(' plus thrown, with exceptions.

Final Characteristics:
 Your strength was 12 (limit:18/100).
 Your dexterity was 12 (limit:18).
 Your constitution was 16 (limit:18).
 Your intelligence was 12 (limit:18).
 Your wisdom was 8 (limit:18).
 Your charisma was 16 (limit:18).

Final Status:
 You were hallucinating.
 You weren't hungry.
 You were unencumbered.
 You were wielding a long sword.
 You were unskilled in long sword.

Final Attributes:
 You were fervently aligned.
 You were poison resistant.
 You were acid resistant.
 Your items were protected from acid.
 You could walk on water.
 You were guarded.
 You survived.

Miscellaneous:
 You encountered 1 bones level.
 Total elapsed playing time was 13 minutes and 28 seconds.

Major events:
 Turn
    1: CheBegorr4h the neutral male human Tourist entered the dungeon
 1083: attained the rank of Sightseer (level 3)
 1662: quit

You didn't know any spells.

Skills:
 Fighting Skills
   bare handed combat [Unskilled]
   two weapon combat  [Unskilled]
   riding             [Unskilled]
 Weapon Skills
   dagger             [Unskilled]
   knife              [Unskilled]
   axe                [Unskilled]
   pick-axe           [Unskilled]
   short sword        [Unskilled]
   broadsword         [Unskilled]
   long sword         [Unskilled]
   two-handed sword   [Unskilled]
   saber              [Unskilled]
   mace               [Unskilled]
   morning star       [Unskilled]
   flail              [Unskilled]
   hammer             [Unskilled]
   quarterstaff       [Unskilled]
   polearms           [Unskilled]
   spear              [Unskilled]
   trident            [Unskilled]
   lance              [Unskilled]
   bow                [Unskilled]
   sling              [Unskilled]
   crossbow           [Unskilled]
   dart               [Basic]
   shuriken           [Unskilled]
   boomerang          [Unskilled]
   whip               [Unskilled]
   unicorn horn       [Unskilled]
 Spellcasting Skills
   divination spells  [Unskilled]
   enchantment spells [Unskilled]
   escape spells      [Unskilled]

Voluntary challenges:
 Character rerolling was not enabled.
 You were vegetarian.
 You never genocided any monsters.
 You never polymorphed an object.
 You never changed form.
 You used no wishes.
Achievements:
 You entered a shop.
 You attained the rank of Sightseer.

 The Dungeons of Doom: levels 1 to 8
    Level 1:
       Some fountains.
    Level 2:
       An armor shop, a fountain.
    Level 3:
       A general store, a sink.
    Level 4:
    Level 5:
       An altar to The Lady, a fountain.
    Level 6:
    Level 7:
       Final resting place for
          80percenthuman-Wiz-Elf-Fem-Cha, killed by a hallucinogen-distorted killer bee.
    Level 8: <- You were here.


Vanquished creatures:
  a Woodland-elf
  4 fog clouds
  a little dog
  a floating eye
  a giant bat
  a cave spider
  a gecko
  4 jackals
  3 foxes
  4 goblins
  a sewer rat
  a grid bug
  a lichen
  2 newts
26 creatures vanquished.

No species were genocided or became extinct.

Aloha CheBegorr4h the Tourist...

You quit in The Dungeons of Doom on dungeon level 8 with 1200 points,
and 83 pieces of gold, after 1662 moves.
You were level 5 with a maximum of 47 hit points when you quit.

